 Dungeon Crawl Stone Soup version 0.30-a0-29-g142975f185 (webtiles) character file.

Game seed: 3886837246780061870

3814 kae the Firebug (level 9, -1/72 HPs)
             Began as a Demigod Fire Elementalist on Aug 24, 2022.
             Slain by a warg (13 damage)
             ... on level 8 of the Dungeon on Aug 25, 2022.
             The game lasted 00:14:14 (10723 turns).

kae the Firebug (Demigod Fire Elementalist)        Turns: 10723, Time: 00:14:15

Health: -1/72      AC:  4    Str:  9    XL:     9   Next: 65%
Magic:  19/19      EV: 14    Int: 29    God:
Gold:   380        SH:  0    Dex: 14    Spells: 4/17 levels left

rFire   . . .      SeeInvis .    f - +0 short sword (protect)
rCold   . . .      Faith    .    (no shield)
rNeg    . . .      Spirit   .    a - +0 robe
rPois   .          Reflect  .    o - +0 helmet
rElec   .          Harm     .    (no cloak)
rCorr   .          Rampage  .    p - +0 pair of gloves
Will    .....                    (no boots)
Stlth   +.........               (no amulet)
HPRegen 0.22/turn                (no ring)
MPRegen 0.16/turn                (no ring)

@: confused, ambrosia-drunk
A: high MP 1, forlorn, divine attributes
a: no special abilities


You were on level 8 of the Dungeon.
You visited 1 branch of the dungeon, and saw 8 of its levels.

You collected 494 gold pieces.
You spent 114 gold pieces at shops.


Innate Abilities, Weirdness & Mutations

You have an increased reservoir of magic. (+10% MP)
You shall have no god before yourself.
Your divine heritage dramatically boosts your attributes as you level up.


   Skills:
 + Level 4.7 Fighting
 + Level 5.3 Dodging
 - Level 1.7 Stealth
 + Level 4.7 Spellcasting
 * Level 7.0 Conjurations
 * Level 7.5 Fire Magic


You had 4 spell levels left.
You knew the following spells:

 Your Spells              Type           Power      Damage    Failure   Level
a - Foxfire               Conj/Fire      100%       2x1d9     1%          1
b - Scorch                Fire           100%       2d10      1%          2
c - Conjure Flame         Conj/Fire      49%        6-21      1%          3
d - Inner Flame           Hex/Fire       28%        N/A       4%          3
e - Flame Wave            Conj/Fire      49%        2d12      3%          4

Your spell library contained the following spells:

 Spells                   Type           Power      Damage    Failure   Level
 Magic Dart               Conj           100%       1d8       1%          1
 Dazzling Flash           Conj/Hex       54%        N/A       4%          3
 Mephitic Cloud           Conj/Pois/Air  20%        N/A       8%          3
 Call Imp                 Summ           6%         N/A       10%         2
 Hailstorm                Conj/Ice       27%        3d7       16%         4
 Cause Fear               Hex            3%         N/A       54%         4
 Ice Form                 Ice/Tmut       6%         N/A       54%         4
 Agony                    Necr           6%         N/A       87%         5
 Silence                  Hex/Air        3%         N/A       87%         5
 Simulacrum               Ice/Necr       3%         N/A       100%        6
 Discord                  Hex            3%         N/A       100%        8

Inventory:

Hand Weapons
 e - a +0 short sword of flaming
   (You took it off a kobold on level 2 of the Dungeon)
 f - a +0 short sword of protection (weapon)
   (You took it off a kobold on level 1 of the Dungeon)
Missiles
 c - 5 boomerangs
 m - 41 stones
 t - 13 poisoned darts
Armour
 a - a +0 robe (worn)
 i - a +0 pair of gloves
   (You found it on level 1 of the Dungeon)
 o - a +0 helmet (worn)
   (You found it on level 2 of the Dungeon)
 p - a +0 pair of gloves (worn)
   (You found it on level 2 of the Dungeon)
Magical Staves
 y - a staff of fire {!a}
   (You found it on level 6 of the Dungeon)
 A - a staff of fire {!a}
   (You found it on level 7 of the Dungeon)
Jewellery
 T - an amulet of faith {!P}
   (You found it on level 4 of the Dungeon)
Wands
 r - a wand of polymorph (10)
   (You found it on level 3 of the Dungeon)
 w - a wand of roots (13)
   (You took it off Eustachio on level 5 of the Dungeon)
Scrolls
 h - a scroll of magic mapping {!r}
 j - a scroll of amnesia
 k - 3 scrolls of brand weapon
 C - a scroll of blinking {!r}
 D - a scroll of identify {@r1}
 E - a scroll of fog
Potions
 b - a potion of magic
 d - 2 potions of might
 g - 2 potions of flight
 l - 2 potions of degeneration {!q}
 n - 2 potions of mutation {!q}
 q - a potion of attraction {!q}
 s - 2 potions of curing {@q1}
 v - a potion of lignification {!q}
 x - a potion of invisibility
 B - a potion of brilliance

Dungeon Overview and Level Annotations

Branches:
Dungeon (8/15) Zot: 26764  Temple (0/1) D:4
   Lair: D:8-11

Shops:
D:4 [   D:6 *   D:7 **

Annotations:
D:3 Natasha

.. .#.#..........##...
..
......................
..
...........).†).#....
..................##
......................
..........?...#..$##..
..............#...# [
....................
.......@.#....#..#...
#.....ch##...##.##...
#...............# ..
........##$##.....
.##.###........... ##
..>........o
.............
.##........... .#
.........#.


You could see a warg and a centaur.


Message History

The centaur hits you.
* * * LOW HITPOINT WARNING * * *
The centaur kicks you.
* * * LOW HITPOINT WARNING * * *
The warg closely misses you. 😨 HP[-3] MP[-2]
You take 3 damage, and now have 33/72 hp.
You lost 2 mp, and now have 13/19 mp.
Unknown command.
Casting: Scorch (safe; 1% risk of failure)
Confirm with . or Enter, or press ? or * to list all spells.
Casting: Flame Wave (dangerous; 3% risk of failure)
Press: ? - help, Dir - look around, f - activate A wave of flame ripples out!
The flame wave engulfs the warg!
The flame wave engulfs the centaur!!
The centaur is burned terribly!
You kill the centaur! (Press . to intensify the flame waves.)
The warg barely misses you. 😨 MP[-3]
You lost 3 mp, and now have 10/19 mp.
A wave of flame ripples out!
The flame wave engulfs the warg.
You hear a shout! x3
The warg closely misses you. 😨 MP[-1]
You lost 1 mp, and now have 9/19 mp.
A wave of flame ripples out!
The flame wave engulfs the warg!
You finish channelling waves of flame.
You hear a shout!
You hear a howl!
You hear a shout!
The warg bites you but does no damage. 😨 MP[-1]
You lost 1 mp, and now have 8/19 mp.
Casting: Flame Wave (dangerous; 3% risk of failure)
Confirm with . or Enter, or press ? or * to list all spells.
Flames lash the warg but do no damage.
You hear a howl!
The warg closely misses you.
The warg stops to sniff the ground.
The warg bites you!
* * * LOW HITPOINT WARNING * * *
The warg bites you.
* * * LOW HITPOINT WARNING * * *
😨 HP[-7] MP[-2]
You take 7 damage, and now have 26/72 hp.
You lost 2 mp, and now have 6/19 mp.
Unknown command.
Casting: Scorch (safe; 1% risk of failure)
Confirm with . or Enter, or press ? or * to list all spells.
Flames lash the warg.
You kill the warg!
Your Conjurations skill increases to level 7! 😨 MP[-1]
You lost 1 mp, and now have 5/19 mp.
Unknown command. 😨 HP[+1]
An orc comes into view.
It is wielding a +0 trident. 😨 HP[+1] MP[+1]
A centaur comes into view.
Casting: Scorch (safe; 1% risk of failure)
Confirm with . or Enter, or press ? or * to list all spells.
The fire begins to smoulder!
The centaur wields a +0 shortbow.
The centaur shoots an arrow.
The arrow misses you.
The centaur shoots an arrow.
The arrow hits you!
* * * LOW HITPOINT WARNING * * *
😨 HP[-8] MP[-3]
You take 8 damage, and now have 20/72 hp.
You lost 3 mp, and now have 3/19 mp.
Unknown command.
Found a stone staircase leading down.
The centaur shoots an arrow.
The arrow hits you!
* * * LOW HITPOINT WARNING * * *
The warg smothers the flame. 😱 HP[-10]
You take 10 damage, and now have 10/72 hp.
Okay, then.
Unknown command. 😱 HP[+1]
You feel better. The warg bites you!
* * * LOW HITPOINT WARNING * * *
😱 HP[-2] MP[+1]
You take 2 damage, and now have 9/72 hp.
You are confused.
You feel invigorated. The warg completely misses you.
The warg barely misses you. 😱 HP[+3] MP[+4]
You regained 3 hp, and now have 12/72 hp.
You regained 4 mp, and now have 8/19 mp.
The warg closely misses you. 😱 HP[+5] MP[+3]
You regained 5 hp, and now have 17/72 hp.
You regained 3 mp, and now have 11/19 mp.
The warg closely misses you.
The centaur unwields a +0 shortbow.
The centaur completely misses you.
The centaur closely misses you. 😨 HP[+6] MP[+5]
You regained 6 hp, and now have 23/72 hp.
You regained 5 mp, and now have 16/19 mp.
The warg bites you!
* * * LOW HITPOINT WARNING * * *
The centaur barely misses you. The centaur closely misses you.
The warg bites you!
You die...

Skill      XL: |  1  2  3  4  5  6  7  8  9 |
---------------+----------------------------+-----
Conjurations   | 1 2 3 4 6 7 |  7.0
Fire Magic     | 3 4 5 6 7 |  7.5
Spellcasting   | 2 3 4 |  4.7
Dodging        | 2 3 4 5 |  5.3
Fighting       | 1 2 3 4 |  4.7
Stealth        | |  1.7

Action                   |  1- 3 |  4- 6 |  7- 9 || total
-------------------------+-------+-------+-------++-------
Melee: Short sword       |     9 |    22 |     8 ||    39
 Cast: Foxfire           |    74 |    67 |   137 ||   278
       Scorch            |       |    48 |    64 ||   112
       Conjure Flame     |       |     3 |     6 ||     9
       Inner Flame       |       |       |     8 ||     8
       Flame Wave        |       |       |     1 ||     1
Evoke: Wand              |       |       |     5 ||     5
  Use: Scroll            |     5 |     3 |    10 ||    18
       Potion            |       |       |     5 ||     5
Armor: Robe              |     9 |    28 |    39 ||    76
Dodge: Dodged            |    20 |    57 |   108 ||   185

Levels and vault maps discovered:
D:1:      minmay_arrival_stair_chambers, layout_basic,
          ebering_ecumenical_altar_rust, grunt_decor_fettered
D:2:      layout_basic
D:3:      layout_rooms, tso_altar, serial_undead, serial_undead_a,
          serial_undead_b, serial_undead_e, serial_undead_c, serial_undead_d,
          serial_undead_a, hangedman_decor_growths, kennysheep_orc_chapel,
          uniq_natasha, uniq_terence
D:4:      layout_loops_cross, mainiacjoe_overflow_divided_tiny,
          minmay_temple_entry_gardened_gates, serial_shops,
          nicolae_shop_hallway_plus, minmay_fountain_box, uniq_sigmund
D:5:      layout_layer_cave, uniq_prince_ribbit1, uniq_duvessa, uniq_eustachio
D:6:      layout_basic, nicolae_elemental_shop, uniq_pikel, uniq_edmund
D:7:      layout_basic, nicolae_specific_store, chequers_serial_rivers_large_b
D:8:      layout_cave_pools, erik_lair_orcish_takeover, uniq_joseph

Notes
Turn   | Place    | Note
-------+----------+-------------------------------------------
     0 | D:1      | kae the Demigod Fire Elementalist began the quest for the
                  | Orb.
     0 | D:1      | Reached XP level 1. HP: 14/14 MP: 5/5
     0 | D:1      | magus.rc [v1.11.3]
    11 | D:1      | You pick up a book of the Tundra and begin reading...
    11 | D:1      | You add the spells Hailstorm, Ice Form and Simulacrum to
                  | your library.
    95 | D:1      | Reached skill level 1 in Conjurations
   483 | D:1      | Reached XP level 2. HP: 21/22 MP: 4/7
   598 | D:1      | Reached skill level 3 in Fire Magic
   599 | D:1      | Upgraded the game from 0.30-a0-23-ge60ba3568b to
                  | 0.30-a0-29-g142975f185
   599 | D:1      | magus.rc [v1.11.3]
  1443 | D:2      | Reached skill level 2 in Spellcasting
  1447 | D:2      | Reached XP level 3. HP: 19/27 MP: 3/8
  1448 | D:2      | Reached skill level 2 in Dodging
  1588 | D:2      | Learned a level 2 spell: Scorch
  1592 | D:2      | Learned a level 3 spell: Conjure Flame
  1874 | D:2      | Reached skill level 1 in Fighting
  1874 | D:2      | Reached skill level 2 in Conjurations
  1972 | D:2      | Reached XP level 4. HP: 30/35 MP: 6/9
  2673 | D:3      | Noticed Terence
  2779 | D:3      | Killed Terence
  2982 | D:3      | Noticed Natasha
  3283 | D:3      | Reached XP level 5. HP: 37/40 MP: 3/11
  3623 | D:4      | Noticed Sigmund
  3691 | D:4      | Found a staircase to the Ecumenical Temple.
  3697 | D:4      | Noticed an ogre
  3769 | D:4      | Killed an ogre
  3770 | D:4      | Reached skill level 3 in Conjurations
  3770 | D:4      | Reached skill level 4 in Fire Magic
  3770 | D:4      | Reached XP level 6. HP: 48/48 MP: 3/12
  3964 | D:3      | Learned a level 3 spell: Inner Flame
  4020 | D:4      | Killed Sigmund
  4021 | D:4      | Reached skill level 2 in Fighting
  4021 | D:4      | Reached skill level 3 in Dodging
  4334 | D:4      | Found Zaota's Armour Boutique.
  5096 | D:5      | Entered Level 5 of the Dungeon
  5096 | D:5      | Noticed Prince Ribbit
  5107 | D:5      | Killed Prince Ribbit
  5108 | D:5      | Reached skill level 3 in Spellcasting
  5108 | D:5      | Reached skill level 4 in Conjurations
  5108 | D:5      | Reached XP level 7. HP: 31/56 MP: 4/14
  5148 | D:5      | Reached skill level 5 in Fire Magic
  5721 | D:5      | You pick up a book of the Senses and begin reading...
  5721 | D:5      | You add the spells Dazzling Flash, Agony and Silence to
                  | your library.
  5749 | D:5      | Noticed Dowan
  6004 | D:4      | Reached skill level 3 in Fighting
  6243 | D:5      | Noticed Eustachio
  6389 | D:5      | Killed Eustachio
  6390 | D:5      | Reached XP level 8. HP: 63/63 MP: 10/16
  6459 | D:5      | Noticed Duvessa
  6466 | D:5      | Killed Duvessa
  6478 | D:5      | Killed Dowan
  6479 | D:5      | Reached skill level 4 in Dodging
  6479 | D:5      | Reached skill level 5 in Conjurations
  6592 | D:5      | You pick up a book of Hexes and begin reading...
  6592 | D:5      | You add the spells Cause Fear and Discord to your library.
  7500 | D:6      | Found Ryofimee's Elemental Accessories.
  7535 | D:6      | Noticed Pikel
  7580 | D:6      | HP: 9/63 [Pikel/+1 whip of electrocution (16)]
  7581 | D:6      | Killed Pikel
  7582 | D:6      | Reached skill level 4 in Spellcasting
  7582 | D:6      | Reached skill level 6 in Fire Magic
  7886 | D:6      | Noticed Edmund
  7923 | D:6      | Killed Edmund
  7924 | D:6      | Reached skill level 4 in Fighting
  8049 | D:6      | Reached skill level 6 in Conjurations
  8049 | D:6      | Reached XP level 9. HP: 71/71 MP: 15/18
  8970 | D:7      | Learned a level 4 spell: Flame Wave
  9056 | D:7      | Reached skill level 7 in Fire Magic
  9071 | D:7      | Reached skill level 5 in Dodging
  9546 | D:7      | Found Naenudal's Specific Store.
  9548 | D:7      | Found Xublenan's General Store.
  9552 | D:7      | Bought a scroll of identify for 24 gold pieces
  9552 | D:7      | Bought a scroll of blinking for 90 gold pieces
  9981 | D:7      | HP: 8/72 [orc priest/divine providence (14)]
 10244 | D:7      | You pick up a book of Minor Magic and begin reading...
 10244 | D:7      | You add the spells Magic Dart, Call Imp and Mephitic Cloud
                  | to your library.
 10672 | D:8      | Noticed a two-headed ogre
 10707 | D:8      | Reached skill level 7 in Conjurations
 10717 | D:8      | HP: 10/72 [centaur/arrow (10)]
 10723 | D:8      | HP: 12/72 [warg (14)]
 10723 | D:8      | Slain by a warg

Vanquished Creatures
  Pikel (D:6)
  Prince Ribbit (D:5)
  A hornet (D:8)
  Sigmund (D:4)
  Eustachio (D:5)
  A steam dragon (D:7)
  A water moccasin (D:6)
  A warg (D:8)
  Edmund (D:6)
  Duvessa (D:5)
  A sky beast (D:7)
  A black bear (D:6)
  An ice beast (D:6)
  2 ogres
  A centaur (D:8)
  A phantom (D:5)
  A lemure (D:6)
  5 bullfrogs
  A necrophage (D:6)
  Dowan (D:5)
  3 howler monkeys (D:7)
  7 orc priests
  2 hounds
  A jelly (D:6)
  2 gnoll boudas
  A scorpion zombie (D:3)
  Terence (D:3)
  6 iguanas
  11 gnolls
  10 adders
  An ufetubus (D:6)
  3 adder zombies (D:3)
  2 adder skeletons (D:3)
  2 worms
  3 dart slugs
  24 orcs
  5 endoplasms
  3 giant cockroaches
  7 goblins
  5 hobgoblins
  4 jackals (D:4)
  4 quokkas
  5 ball pythons
  A ball python skeleton (D:3)
  5 bats
  A frilled lizard (D:2)
  9 kobolds
  A quokka skeleton (D:3)
  9 rats
163 creatures vanquished.

Vanquished Creatures (collateral kills)
  A foxfire (D:4)
1 creature vanquished.

Vanquished Creatures (others)
  3 orc wizards
  An orc (D:7)
  477 foxfires
  A plant (D:4)
482 creatures vanquished.

Grand Total: 646 creatures vanquished

Table legend:
 A = Non-vault XP
 B = Vault XP
 C = Vault XP percentage of total XP
 D = Non-vault monster count
 E = Vault monster count
 F = Vault count percentage of total count
                 A         B        C        D         E       F
            +---------+---------+-------+---------+---------+-------
      Total |    3373 |    2076 |  38.1 |     143 |      22 |  13.3
            +---------+---------+-------+---------+---------+-------
        D:1 |      29 |       0 |   0.0 |      18 |       0 |   0.0
        D:2 |     106 |       0 |   0.0 |      28 |       0 |   0.0
        D:3 |      19 |     151 |  88.8 |      10 |      12 |  54.5
        D:4 |     435 |     223 |  33.9 |      29 |       1 |   3.3
        D:5 |     433 |     685 |  61.3 |      17 |       4 |  19.0
        D:6 |     824 |     846 |  50.7 |      17 |       2 |  10.5
        D:7 |     965 |       0 |   0.0 |      20 |       0 |   0.0
        D:8 |     562 |     171 |  23.3 |       4 |       3 |  42.9
            +---------+---------+-------+---------+---------+-------

Illustrated notes

Table legend:
 A = Kills in this place as a percentage of kills in entire the game.
 B = Kills by you in this place as a percentage of kills by you in the entire game.
 C = Kills by friends in this place as a percentage of kills by friends in the entire game.
 D = Other kills in this place as a percentage of other kills in the entire game.
 E = Experience gained in this place as a percentage of experience gained in the entire game.
 F = Experience gained in this place divided by the number of levels of this place that you have seen.
                   A       B       C       D       E      F
               +-------+-------+-------+-------+-------+----------------------
         Total | 100.0 | 100.0 |   N/A | 100.0 | 100.0 | 681.1
       Dungeon | 100.0 | 100.0 |   N/A | 100.0 | 100.0 | 681.1
               +-------+-------+-------+-------+-------+----------------------

Table legend: (Time is in decaauts)
 A = Elapsed time spent in this place.
 B = Non-inter-level travel time spent in this place.
 C = Inter-level travel time spent in this place.
 D = Time resting spent in this place.
 E = Time spent auto-exploring this place.
 F = Levels seen in this place.
 G = Mean time per level.
                   A        B        C        D        E       F      G
               +--------+--------+--------+--------+--------+-----+--------+
         Total |  10749 |  10434 |    315 |    709 |   8251 |   8 | 1343.6 |
       Dungeon |  10749 |  10434 |    315 |    709 |   8251 |   8 | 1343.6 |
               +--------+--------+--------+--------+--------+-----+--------+

Top non-repeatable levels by time:
     D:4: 2179 daAuts
     D:6: 1662 daAuts
     D:2: 1610 daAuts
     D:7: 1542 daAuts
     D:5: 1428 daAuts
     D:1: 1185 daAuts
     D:3: 905 daAuts
     D:8: 234 daAuts
